[Event "Czech Open Rapid G1 2024"]
[Site "Pardubice"]
[Date "2024.07.17"]
[Round "2.6"]
[White "Berin, Artem"]
[Black "Neuman, Petr"]
[Result "0-1"]
[Annotator "TA"]
[ECO "E94"]
[WhiteElo "2234"]
[BlackElo "2441"]
[PlyCount "110"]
[EventDate "2024.07.16"]
[EventType "swiss"]
[EventCountry "CZE"]
[SourceTitle "playchess.com"]
[Source "ChessBase"]
[SourceQuality "1"]
[TimeControl "1200+10"]

1. d4 d6 2. Nf3 Nf6 3. c4 g6 4. Nc3 Bg7 5. e4 O-O 6. Be2 e5 7. O-O Na6 8. Re1 c6 9. Bf1 Bg4 10. Be3 (10. dxe5 Bxf3 11. Qxf3 dxe5 $11) (10. d5 $14) 10... Bxf3 11. Qxf3 Ng4 12. Qxg4 exd4 {[%emt 0:00:03] White has an edge.} 13. Bg5 f6 14. Bd2 dxc3 15. Bxc3 f5 16. Qg3 f4 17. Qh3 Qe7 18. Bxg7 Kxg7 19. Qa3 Qe5 20. Rad1 Nc5 21. b4 Ne6 22. b5 ({White should try} 22. Qd3 $11) 22... Nc5 (22... Nd4 $15 23. bxc6 bxc6) 23. bxc6 bxc6 24. Qa5 Rf7 {[%emt 0:00:47] Wards off Qc7} 25. Rd2 f3 (25... Nxe4 $2 26. Qxe5+ dxe5 27. Rxe4 $18) (25... Rb8 $5) 26. g3 (26. gxf3 $15 Rxf3 27. Bg2 (27. Qc7+ Rf7 $11)) 26... Re8 (26... Nxe4 $2 27. Qxe5+ dxe5 28. Rxe4 $18) 27. Re3 g5 (27... Nxe4 $6 28. Qxe5+ Rxe5 29. Rxd6 $11) 28. Rd1 g4 {[%emt 0:00:20][%cal Oh7h5] Against Bh3} (28... Nxe4 $6 29. Qxe5+ Rxe5 30. Rxd6 $11) 29. h3 h5 (29... Nxe4 $6 30. Qxe5+ Rxe5 31. Rxd6 $11) 30. h4 (30. Qd2 $17 {might work better.}) 30... Rb7 $19 (30... Nxe4 31. Qxe5+ Rxe5 32. Rxd6 $11) 31. Ree1 Kf7 (31... Ree7 $19 32. Qd8 Nxe4) 32. Qd2 $17 Re6 (32... Nxe4 33. Qh6 $14) 33. Rb1 {[%emt 0:00:47] Prevents Rb2} (33. Qc1 $17) 33... Rxb1 $19 (33... Nxe4 $2 34. Rxb7+ Kf8 35. Rb8+ (35. Rxa7 $2 Nxd2 36. Rxe5 Rxe5 $19) 35... Kf7 36. Rxe4 Qxe4 37. Qg5 $18) 34. Rxb1 Nxe4 (34... Qxe4 35. Rb8 $11) 35. Qe3 Nc5 {[%emt 0:00:07] Repels Rb7+} (35... Qc5 $19 {aiming for ...Qxe3.} 36. Rb7+ Kg6) 36. Qd2 $17 Qf6 ({Better is} 36... Qh8 $17) 37. Rb8 Ne4 (37... Re8 {simplifies} 38. Rxe8 Kxe8 39. Qb4 Kf7) 38. Qe3 (38. Qa5 $11 {and White stays safe.} Re5 39. Rb7+ Kf8 (39... Kg6 $2 40. Qc7 $18) 40. Qxa7) 38... Re7 $19 {[%emt 0:02:14][%cal Oe4g3] [#] ...Nxg3! is the strong threat. Active counter play!} (38... Nxg3 39. Rb7+ Kg6 40. Bd3+ Nf5 41. Qd2 $19) 39. Qd3 Kg7 {[%emt 0:00:28][%cal Oe4f2] And now ...Nxf2! would win.} 40. Rb1 Nc5 $2 (40... Qe5 $19 {[%cal Oe4f2] and Black stays clearly on top. ( -> ...Nxf2!)} 41. Qe3 Nc3 42. Qxe5+ Rxe5 (42... dxe5 $2 43. Rb3 $19)) 41. Qd2 $17 {[%emt 0:00:02] [#]} Ne4 $2 $40 {[%emt 0:00:10][%mdl 8320] White needs to defend precisely.} (41... Qe5 $1 $17 42. Bd3 d5 43. cxd5 Nxd3 (43... Qxd5 44. Qc3+ Qe5 45. Qc2 $11) (43... cxd5 44. Kh2 $11) 44. Qxd3 cxd5) 42. Qd3 $19 Qc3 {[%emt 0:00:53] Repels Re1} 43. Qd1 (43. a3 $142) 43... Qd2 44. Qe1 Qxe1 (44... Qxa2 45. Bd3 Qd2 (45... d5 46. cxd5 cxd5 47. Bxe4 $16) 46. Bxe4 Qxe1+ (46... Qd4 47. Qc1 $17) 47. Rxe1) 45. Rxe1 {[%emt 0:00:02][%mdl 4096] Endgame. KRB-KRN} Re5 46. Re3 $2 (46. Bd3 Nc5 47. Rd1) 46... Nc5 {[%emt 0:00:06] Strongly threatening ...Rxe3.} 47. Ra3 a6 48. Re3 Kf6 (48... Rxe3 $142 49. fxe3 Kf6) 49. Ra3 Re1 50. Rc3 Ke5 {[%emt 0:00:06] Black mates.} 51. Rc2 Ne4 52. Rb2 Kd4 53. Rc2 a5 54. c5 d5 55. a4 Rd1 {[%emt 0:00:12] Weighted Error Value: White=0.66/Black=0.42.  Loses game:     	White=2     	---        Missed win:     	---       	Black=1      Mistake:       	White=5     	Black=5      Inaccurate:     	White=1     	Black=2      OK:         	White=15    	Black=16     Best:        	White=1     	Black=5} (55... Nc3 $142 56. Kh1 Ne2 (56... Rxf1+ $2 57. Kh2 $19) 57. Kh2 Kd3 (57... Rxf1 {is a self mate.} 58. Rc4+ Kd3 59. Rd4+ Kc3 60. Rd3+ Kb4 61. Rd4+ Kxc5 62. Rc4+ Kd6 63. Rxc6+ Ke5 64. Re6+ Kd4 65. Re4+ Kc3 66. Rc4+ Kd2 67. Rc2+ Ke1 68. Rc1+ Kxf2 69. Rc2 Rg1 70. Rxe2+ Kxe2 71. Kxg1 d4 72. Kh1 d3 73. Kh2 d2 74. Kh1 d1=Q+ 75. Kh2 f2 76. Kg2 Qg1#) 58. Rb2 Rxf1 59. Rb3+ Kd2 60. Rd3+ Ke1 61. Rd1+ Kxf2 62. Rd2 Rg1 (62... Ke3 63. Rd3+ Kf2 64. Rd2 Rg1 65. Rxe2+ Kxe2 66. Kxg1 f2+ 67. Kg2 d4 68. Kh1 d3 69. Kh2 d2 70. Kh1 d1=Q+ 71. Kh2 Qg1#) 63. Rxe2+ Kxe2 64. Kxg1 f2+ 65. Kg2 d4 (65... f1=R 66. Kh2 d4 67. Kg2 d3 68. Kh2 Rf2+ 69. Kh1 d2 70. Kg1 d1=Q#) 66. Kh1 d3 (66... f1=R+ {leads to mate.} 67. Kg2 d3 68. Kh2 Rf2+ 69. Kh1 d2 70. Kg1 d1=Q#) (66... f1=Q+ 67. Kh2 Qc1 68. Kg2 Qd2 69. Kg1 Kf3 70. Kh1 Qg2#) 67. Kh2 d2 (67... f1=R {gets mated.} 68. Kg2 Rf2+ 69. Kh1 d2 70. Kg1 d1=Q#) 68. Kh1 d1=Q+ 69. Kh2 Qg1#) 0-1

[Event "Czech Open Rapid G1 2024"]
[Site "Pardubice"]
[Date "2024.07.17"]
[Round "2.7"]
[White "Jirka, Jiri"]
[Black "Hosticka, Frantisek"]
[Result "1-0"]
[Annotator "TA"]
[ECO "E00"]
[WhiteElo "2387"]
[BlackElo "2062"]
[PlyCount "85"]
[EventDate "2024.07.16"]
[EventType "swiss"]
[EventCountry "CZE"]
[SourceTitle "playchess.com"]
[Source "ChessBase"]
[SourceQuality "1"]
[TimeControl "1200+10"]

1. d4 Nf6 2. c4 e6 3. g3 Bb4+ 4. Bd2 Qe7 5. Nc3 Bxc3 6. Bxc3 Ne4 7. Rc1 O-O 8. Bg2 {[%emt 0:00:03] The position is equal.} Nxc3 9. Rxc3 d6 10. Nf3 Nd7 11. O-O e5 12. Re3 Qf6 13. Qd2 Nb6 {[%emt 0:02:11] Loses the game.} ({Better is} 13... Re8 $14) 14. dxe5 $18 dxe5 15. Nxe5 Re8 {[%emt 0:02:53] [#]} 16. b3 $1 h6 (16... Rxe5 $2 {perishes.} 17. Rxe5 Be6 18. Qe3 $18) 17. Nd3 Rxe3 18. Qxe3 ({But not} 18. fxe3 Qe7 19. Rd1 c6) 18... Bd7 (18... c6 {was called for.} 19. a4 Nd7 20. Qe8+ Nf8) 19. c5 Re8 20. Qf4 Qxf4 21. Nxf4 Nc8 22. Bxb7 Ne7 23. Rd1 Bc6 24. Bxc6 Nxc6 {[%emt 0:00:01][%mdl 4096] Endgame. KRN-KRN} 25. Rd7 g5 (25... Re7 $142 26. Rxe7 Nxe7) 26. Rxc7 gxf4 27. Rxc6 Rxe2 28. gxf4 ({Not} 28. Rxh6 Rxa2 29. gxf4 Kg7 $18) 28... Rxa2 29. Rxh6 {[%emt 0:00:03] KR-KR} Kg7 30. Rh3 Rc2 31. b4 Rc4 32. Rb3 Kf6 33. Kg2 Kf5 34. Kg3 Rc1 35. Ra3 Rg1+ 36. Kf3 {[%emt 0:00:04][%cal Oc5c6] [#] aiming for c6!} Rg4 37. Ke2 Kxf4 38. Rxa7 Ke5 39. b5 {[%emt 0:00:09][%cal Oc5c6,Bb4b5,Bb5b6,Bb6b7][%mdl 32] Black must now prevent c6!} Rb4 40. b6 {[%emt 0:00:15][%cal Oa7d7] Rd7! would now be deadly.} f5 41. Rc7 {[%emt 0:00:21] White mates.} Ke4 42. b7 Rb2+ 43. Kd1 {[%emt 0:01:28] Weighted Error Value: White=0.04 (flawless) /Black=0.32.  Mistake:       	---       	Black=3      Inaccurate:     	---       	Black=3      OK:         	White=14    	Black=11     Best:        	White=3     	---} 1-0

[Event "Czech Open Rapid G1 2024"]
[Site "Pardubice"]
[Date "2024.07.17"]
[Round "2.8"]
[White "Alexikov, Alexander"]
[Black "Johansson, Linus"]
[Result "1/2-1/2"]
[Annotator "RC"]
[ECO "C07"]
[WhiteElo "2183"]
[BlackElo "2451"]
[PlyCount "190"]
[EventDate "2024.07.16"]
[EventType "swiss"]
[EventCountry "CZE"]
[SourceTitle "playchess.com"]
[Source "ChessBase"]
[SourceQuality "1"]
[TimeControl "1200+10"]

1. e4 e6 2. d4 d5 3. Nd2 c5 4. Ngf3 cxd4 5. exd5 Qxd5 6. Bc4 Qd6 7. O-O Nf6 8. Nb3 Nc6 9. Nbxd4 Nxd4 10. Qxd4 Qxd4 11. Nxd4 Bc5 12. Nb3 Bb6 13. Be2 Bd7 14. Bf3 Bc6 15. Bxc6+ bxc6 16. c4 a5 17. c5 a4 18. cxb6 axb3 19. Bf4 O-O-O 20. Bc7 Kb7 21. Bxd8 Rxd8 22. axb3 Kxb6 23. Rfd1 Nd5 24. Kf1 e5 25. g3 f5 26. Ke2 g5 27. Ra4 g4 28. h3 h5 29. hxg4 hxg4 30. Rh1 Rd6 31. Rh5 Rf6 32. Rg5 Nc7 33. Rg8 Ne6 34. Rc4 Kc7 35. Kd3 Kd6 36. Rc8 Nd4 37. Rxd4+ exd4 38. Rd8+ Kc5 39. Rxd4 Re6 40. Rf4 Rd6+ 41. Kc3 Rd5 42. Ra4 Kb6 43. Ra8 Kb7 44. Ra4 Kb6 45. Rb4+ Kc5 46. Rb8 Re5 47. Kd3 Re4 48. Rf8 Re5 49. Rf6 Kb5 50. Kd4 Re4+ 51. Kc3 Re5 52. Rf8 Kc5 53. Kd3 Kb4 54. Rb8+ Kc5 55. Rb7 Kd6 56. Rb4 Re1 57. Rf4 Ke5 58. Rc4 Kd5 59. Rc2 Re8 60. b4 Kd6 61. Rc5 Rf8 62. Kc4 Rf7 63. b5 cxb5+ 64. Rxb5 Ke6 65. Kd4 Rd7+ 66. Ke3 Kf6 67. b4 Re7+ 68. Kd3 Rd7+ 69. Kc3 Rd1 70. Ra5 Rc1+ 71. Kd3 Rd1+ 72. Ke2 Rb1 73. Rb5 Rb2+ 74. Ke3 Rb3+ 75. Ke2 Rb2+ 76. Kf1 Rb1+ 77. Ke2 Rb2+ 78. Ke1 Rb1+ 79. Kd2 Rb2+ 80. Ke1 Rb1+ 81. Ke2 Rb2+ 82. Kf1 Rb1+ 83. Kg2 Rb3 84. Rb8 Ke6 85. b5 Kd7 86. b6 Kc6 87. Rf8 Rb5 88. Rf6+ Kb7 89. Kf1 Re5 90. Rh6 Ka6 91. Rg6 Kb7 92. f3 Re3 93. fxg4 Rxg3 94. g5 f4 95. Kf2 Ka6 1/2-1/2

[Event "Czech Open Rapid G1 2024"]
[Site "Pardubice"]
[Date "2024.07.17"]
[Round "2.9"]
[White "Lalic, Bogdan"]
[Black "Ocelak, Jakub"]
[Result "1/2-1/2"]
[Annotator "RC"]
[ECO "E05"]
[WhiteElo "2348"]
[BlackElo "2206"]
[PlyCount "35"]
[EventDate "2024.07.16"]
[EventType "swiss"]
[EventCountry "CZE"]
[SourceTitle "playchess.com"]
[Source "ChessBase"]
[SourceQuality "1"]
[TimeControl "1200+10"]

1. Nf3 Nf6 2. c4 e6 3. g3 d5 4. Bg2 Be7 5. d4 O-O 6. O-O dxc4 7. Qc2 a6 8. a4 Nc6 9. Qxc4 Na5 10. Qc2 b6 11. Nc3 Bb7 12. e4 c5 13. Rd1 cxd4 14. Nxd4 Qc7 15. Nb3 Nxb3 16. Qxb3 Bc5 17. Bf4 Qe7 18. h3 1/2-1/2

[Event "Czech Open Rapid G1 2024"]
[Site "Pardubice"]
[Date "2024.07.17"]
[Round "2.10"]
[White "Fishchuk, Vladyslav"]
[Black "Rasik, Vitezslav"]
[Result "1/2-1/2"]
[Annotator "TA"]
[ECO "B09"]
[WhiteElo "2234"]
[BlackElo "2415"]
[PlyCount "48"]
[EventDate "2024.07.16"]
[EventType "swiss"]
[EventCountry "CZE"]
[SourceTitle "playchess.com"]
[Source "ChessBase"]
[SourceQuality "1"]
[TimeControl "1200+10"]

1. d4 d6 2. e4 g6 3. Nc3 Bg7 4. f4 Nf6 5. Nf3 O-O 6. Bd3 Nc6 7. O-O e5 8. dxe5 dxe5 9. f5 Nb4 10. Bg5 Nxd3 11. cxd3 gxf5 12. Kh1 Qd6 13. Qe2 fxe4 14. dxe4 c6 15. Rad1 {[%emt 0:00:03][%mdl 1024] White has compensation.} Qc5 (15... Qc7 $11 {deserves consideration.}) 16. Qe1 $1 $14 {[%emt 0:00:42] Hoping for Qh4. White is more active.} Kh8 17. Nh4 Ng8 18. Rd2 (18. Qe2 $1 $14) 18... Be6 19. Nf5 Bxf5 20. Rxf5 f6 21. Be3 Qe7 22. Qd1 Rfd8 23. Rff2 Bh6 24. Bxh6 Nxh6 {[%emt 0:00:02] Weighted Error Value: White=0.15 (very precise) /Black=0.13 (very precise) .  Mistake:       	White=1     	Black=1      Inaccurate:     	White=2     	Black=3      OK:         	White=4     	Black=6      Strong:       	White=1     	---} 1/2-1/2

[Event "Czech Open Rapid G1 2024"]
[Site "Pardubice"]
[Date "2024.07.17"]
[Round "2.11"]
[White "Ret, Adam Josef"]
[Black "Konopka, Michal"]
[Result "0-1"]
[Annotator "RC"]
[ECO "D79"]
[WhiteElo "2085"]
[BlackElo "2326"]
[PlyCount "72"]
[EventDate "2024.07.16"]
[EventType "swiss"]
[EventCountry "CZE"]
[SourceTitle "playchess.com"]
[Source "ChessBase"]
[SourceQuality "1"]
[TimeControl "1200+10"]

1. c4 Nf6 2. g3 c6 3. Bg2 d5 4. Nf3 g6 5. O-O Bg7 6. d4 O-O 7. cxd5 cxd5 8. Ne5 e6 9. Nc3 Nc6 10. Nxc6 bxc6 11. Bf4 Nd7 12. e4 Qb6 13. Bd6 Re8 14. e5 Qxb2 15. Na4 Qb5 16. Rb1 Qa5 17. Qc2 Ba6 18. Rfc1 Rec8 19. Bf1 Bxf1 20. Kxf1 Bh6 21. f4 Bf8 22. Bxf8 Kxf8 23. Kg1 Rab8 24. Rxb8 Rxb8 25. Qxc6 Qd2 26. Qc3 Qxa2 27. Ra1 Rb1+ 28. Rxb1 Qxb1+ 29. Kg2 Qa2+ 30. Nb2 Kg7 31. Kh3 Nb6 32. Qc7 Qxb2 33. Qe7 Qb5 34. Qf6+ Kf8 35. Qh8+ Ke7 36. Qf6+ Ke8 0-1

[Event "Czech Open Rapid G1 2024"]
[Site "Pardubice"]
[Date "2024.07.17"]
[Round "2.12"]
[White "Cerveny, Martin"]
[Black "Ptacek, Lubos"]
[Result "1-0"]
[Annotator "RC"]
[ECO "A13"]
[WhiteElo "2325"]
[BlackElo "2036"]
[PlyCount "79"]
[EventDate "2024.07.16"]
[EventType "swiss"]
[EventCountry "CZE"]
[SourceTitle "playchess.com"]
[Source "ChessBase"]
[SourceQuality "1"]
[TimeControl "1200+10"]

1. Nf3 d5 2. c4 e6 3. e3 Nf6 4. b3 Be7 5. Be2 O-O 6. O-O c5 7. Bb2 Nc6 8. cxd5 exd5 9. d4 Bf5 10. dxc5 Bxc5 11. Nd4 Nxd4 12. Bxd4 Bxd4 13. Qxd4 a6 14. Nd2 Rc8 15. Rfc1 Qd7 16. h3 h6 17. Nf3 Rxc1+ 18. Rxc1 Rc8 19. Rc5 Rxc5 20. Qxc5 Ne4 21. Qc1 Qe7 22. Nd4 Qh4 23. Qf1 Bd7 24. Bf3 Qg5 25. Kh2 Qe5+ 26. Kh1 Qf6 27. Qe1 Qh4 28. Kg1 Qg5 29. Qb4 b5 30. Qa5 Bxh3 31. Qxa6 Nd2 32. Qa8+ Kh7 33. Qxd5 Nxf3+ 34. Qxf3 Be6 35. Qe4+ Kh8 36. Nxe6 fxe6 37. Qxe6 Qc5 38. Qe8+ Kh7 39. Qe4+ Kh8 40. a4 1-0

[Event "Czech Open Rapid G1 2024"]
[Site "Pardubice"]
[Date "2024.07.17"]
[Round "2.13"]
[White "Vrana, Frantisek"]
[Black "Bures, Jaroslav"]
[Result "0-1"]
[Annotator "TA"]
[ECO "B18"]
[WhiteElo "2147"]
[BlackElo "2418"]
[PlyCount "35"]
[EventDate "2024.07.16"]
[EventType "swiss"]
[EventCountry "CZE"]
[SourceTitle "playchess.com"]
[Source "ChessBase"]
[SourceQuality "1"]
[TimeControl "1200+10"]

1. e4 c6 2. d4 d5 3. Nc3 dxe4 4. Nxe4 Bf5 5. Ng3 Bg6 6. Nh3 Nd7 7. Nf4 Ngf6 8. h4 (8. Bc4 $142) 8... e5 $11 9. Nxg6 {[%emt 0:00:27] Black has an edge.} hxg6 10. Be3 (10. dxe5 $11 Qa5+ 11. Bd2 Qxe5+ 12. Qe2) 10... Nd5 11. Bg5 {[%emt 0:01:12] [#]} ({Better is} 11. Qd2) 11... Be7 (11... Qb6 $142 $1 12. Rb1 exd4 (12... Qxd4 13. Qxd4 exd4 14. Bc4 $17)) 12. c4 ({White should try} 12. Qd2) 12... Bxg5 $17 13. hxg5 Rxh1 14. Nxh1 Nf4 {[%emt 0:01:16] Black is more active.} 15. dxe5 Qxg5 {[%emt 0:01:06][%cal Oe8c8] [#] ...0-0-0! would now be deadly.} 16. Qd6 (16. Qd2 {was called for.}) 16... O-O-O $19 ({Much less strong is} 16... Qxe5+ 17. Qxe5+ Nxe5 18. Rd1 $19) 17. Rd1 Ne6 {[%emt 0:01:04] A dynamic duo of knights.} ({Don't take} 17... Nxe5 18. Qxd8+ Qxd8 19. Rxd8+ Kxd8 20. Kd2 $19) ({Don't do} 17... Qxe5+ 18. Qxe5 Nxe5 19. Rxd8+ Kxd8 20. Kd2 $19) (17... Nxg2+ 18. Bxg2 Qxg2 19. Ng3 $19) 18. Ng3 $2 {[%emt 0:00:44] Black took control after the opening.   Weighted Error Value: White=0.41/Black=0.09 (flawless) .  Mistake:       	White=6     	Black=1      Inaccurate:     	White=1     	---        OK:         	---       	Black=6      Best:        	White=1     	Black=1} (18. Qa3) 0-1

[Event "Czech Open Rapid G1 2024"]
[Site "Pardubice"]
[Date "2024.07.17"]
[Round "2.14"]
[White "Kusa, Jakub"]
[Black "Dovzhenko, Viktor"]
[Result "1-0"]
[Annotator "RC"]
[ECO "A53"]
[WhiteElo "2423"]
[BlackElo "2044"]
[PlyCount "66"]
[EventDate "2024.07.16"]
[EventType "swiss"]
[EventCountry "CZE"]
[SourceTitle "playchess.com"]
[Source "ChessBase"]
[SourceQuality "1"]
[TimeControl "1200+10"]

1. Nf3 d6 2. d4 Bg4 3. g3 Nf6 4. Bg2 c6 5. c4 Nbd7 6. O-O e5 7. Nc3 Be7 8. h3 Bh5 9. Nh4 Bg6 10. Nxg6 hxg6 11. b4 Qb6 12. dxe5 Nxe5 13. b5 Nxc4 14. bxc6 bxc6 15. Rb1 Qc7 16. Qa4 Na5 17. Nb5 Qd8 18. Nd4 Rc8 19. Bd2 Rh5 20. Nxc6 Nxc6 21. Bxc6+ Kf8 22. Bb7 Rb8 23. Bf3 Rc5 24. Qxa7 Rbc8 25. Bb4 Rc2 26. a4 d5 27. Bxe7+ Qxe7 28. Rb7 Qe8 29. Rfb1 Kg8 30. Re7 Qc6 31. Rxf7 Ne8 32. Rd7 Nc7 33. Bxd5+ Nxd5 1-0

[Event "Czech Open Rapid G1 2024"]
[Site "Pardubice"]
[Date "2024.07.17"]
[Round "2.15"]
[White "Kopriva, Martin"]
[Black "Prokofiev, Valentyn"]
[Result "1-0"]
[Annotator "RC"]
[ECO "B43"]
[WhiteElo "2159"]
[BlackElo "2337"]
[PlyCount "71"]
[EventDate "2024.07.16"]
[EventType "swiss"]
[EventCountry "CZE"]
[SourceTitle "playchess.com"]
[Source "ChessBase"]
[SourceQuality "1"]
[TimeControl "1200+10"]

1. e4 c5 2. Nf3 e6 3. d4 cxd4 4. Nxd4 a6 5. Nc3 Qc7 6. Be2 b5 7. O-O Bb7 8. Re1 Bb4 9. Bf3 Ne7 10. a4 bxa4 11. Rxa4 Bxc3 12. bxc3 O-O 13. Ba3 d6 14. e5 dxe5 15. Nb3 Rd8 16. Bxb7 Ra7 17. Rc4 Rxd1 18. Rxd1 Nbc6 19. Bxc6 g6 20. Rd7 Qb6 21. Rxe7 Rxe7 22. Bxe7 Kg7 23. h4 f5 24. Ba4 Kf7 25. Rc6 Qb8 26. Bd6 Qd8 27. Rc7+ Kg8 28. Bxe5 Qxh4 29. Bd7 Kf7 30. Bc8+ Ke8 31. Nd4 Qe4 32. Bf6 Qe1+ 33. Kh2 Qc1 34. g3 Qf1 35. Bd7+ Kf7 36. Bb5+ 1-0

[Event "Czech Open Rapid G1 2024"]
[Site "Pardubice"]
[Date "2024.07.17"]
[Round "2.16"]
[White "Burdalev, Kirill"]
[Black "Chaika, Vitalii"]
[Result "1-0"]
[Annotator "RC"]
[ECO "A55"]
[WhiteElo "2348"]
[BlackElo "2111"]
[PlyCount "109"]
[EventDate "2024.07.16"]
[EventType "swiss"]
[EventCountry "CZE"]
[SourceTitle "playchess.com"]
[Source "ChessBase"]
[SourceQuality "1"]
[TimeControl "1200+10"]

1. d4 d6 2. Nf3 c6 3. c4 Nf6 4. Nc3 Nbd7 5. e4 e5 6. Be2 Be7 7. h3 O-O 8. d5 Nc5 9. Qc2 a5 10. Be3 Qc7 11. g4 g6 12. Nd2 cxd5 13. exd5 Bd7 14. b3 Rfc8 15. Rg1 a4 16. b4 Na6 17. a3 b5 18. Rc1 bxc4 19. Nxc4 Rcb8 20. Qd2 Qd8 21. h4 Ne8 22. h5 Ng7 23. Ne4 Ne8 24. Na5 Nc5 25. bxc5 Qxa5 26. c6 Bc8 27. Bc4 Nc7 28. hxg6 hxg6 29. Qxa5 Rxa5 30. Bd2 Raa8 31. Bb4 Ne8 32. Ke2 Ba6 33. Kd3 Bxc4+ 34. Kxc4 Ra7 35. Rb1 f6 36. Bd2 Raa8 37. Nc3 Nc7 38. Rxb8+ Rxb8 39. Rb1 Rxb1 40. Nxb1 f5 41. gxf5 gxf5 42. Nc3 Kf7 43. Nxa4 Ke8 44. Nc3 Kd8 45. a4 Kc8 46. Be3 Na8 47. Nb5 f4 48. Ba7 Bf8 49. Kd3 Nc7 50. Nxc7 Kxc7 51. Ke4 Be7 52. a5 Bh4 53. Bb6+ Kc8 54. a6 Kb8 55. c7+ 1-0

[Event "Czech Open Rapid G1 2024"]
[Site "Pardubice"]
[Date "2024.07.17"]
[Round "2.17"]
[White "Rut, Vojtech"]
[Black "Dobrowolski, Piotr"]
[Result "0-1"]
[Annotator "TA"]
[ECO "A05"]
[WhiteElo "2028"]
[BlackElo "2412"]
[PlyCount "80"]
[EventDate "2024.07.16"]
[EventType "swiss"]
[EventCountry "CZE"]
[SourceTitle "playchess.com"]
[Source "ChessBase"]
[SourceQuality "1"]
[TimeControl "1200+10"]

1. Nf3 Nf6 2. g3 b5 3. a4 b4 4. Bg2 Bb7 5. O-O a5 6. d3 c5 7. e4 d6 8. Bg5 {[%emt 0:00:28] White has an edge.} Nbd7 9. Re1 h6 10. Bf4 e5 11. Bc1 g6 12. Nbd2 Bg7 13. Nc4 Qc7 14. c3 O-O 15. Qb3 Rfe8 16. Bd2 d5 17. exd5 Bxd5 18. cxb4 cxb4 {[%emt 0:00:35] And now ...e4 would win.} 19. Rac1 Nc5 20. Qc2 e4 {[%emt 0:00:25] Black is more active.} 21. Bf4 (21. Ne3 $17 exf3 22. Nxd5 Rxe1+ (22... Nxd5 23. Rxe8+ Rxe8 24. Qxc5 $17) 23. Bxe1 Nxd5 24. Bxf3 (24. Qxc5 $2 fxg2 25. Qxc7 Nxc7 $19) 24... Nxd3 25. Qxc7 (25. Bxd5 $2 Qxc2 26. Rxc2 Rd8 $19) 25... Nxc7 26. Rxc7) 21... Qa7 (21... exd3 $19 {...Qxf4 would now be deadly.} 22. Qd1 Qa7 23. Rxe8+ Rxe8) 22. dxe4 $17 Bxe4 23. Rxe4 Ncxe4 (23... Rxe4 24. Nd6 b3 (24... Rxf4 25. gxf4 Ne6 26. Ne5 $16) 25. Qxc5 Qxc5 26. Rxc5 Rxa4 27. Ne5 Ra1+ 28. Rc1 Rxc1+ 29. Bxc1 $16) 24. Nfe5 {[%emt 0:00:14] [#]} b3 $1 25. Qe2 $15 g5 $1 26. Be3 {[%emt 0:02:31] This pair of bishops is nice.} Qa6 {[%emt 0:00:01] White must now prevent ...Rxe5.} 27. Qf3 ({Better is} 27. Qd3 $15) 27... Rac8 28. Qf5 $2 {[%emt 0:01:02] This costs White the game.} (28. Qd1 $17 {was called for.}) 28... Nd6 $19 29. Nxd6 Rxc1+ 30. Bxc1 Qxd6 31. Nd3 Rd8 32. Bf1 Qd5 33. Ne5 $2 (33. Qxd5 Rxd5 (33... Nxd5 $2 34. Nc5 $19) 34. Be3) 33... Qe4 $2 (33... Ne4 34. Bc4 Qxe5 35. Qxf7+ Kh8) 34. Qxe4 Nxe4 35. Nc6 (35. Nc4) 35... Rd1 {[%emt 0:00:01] Black is clearly winning.} 36. Be3 Nd2 37. Bxd2 Rxd2 38. Nxa5 Rxb2 39. Bc4 Rb1+ 40. Kg2 b2 {[%emt 0:00:02] Weighted Error Value: White=0.52/Black=0.25 (precise) .  Loses game:     	White=1     	---        Mistake:       	White=4     	Black=3      Inaccurate:     	White=2     	---        OK:         	White=13    	Black=12     Best:        	White=3     	Black=2      Strong:       	---       	Black=1} 0-1

[Event "Czech Open Rapid G1 2024"]
[Site "Pardubice"]
[Date "2024.07.17"]
[Round "2.18"]
[White "Kuegel, Tobias"]
[Black "Dolensky, Milan"]
[Result "1-0"]
[Annotator "TA"]
[ECO "B54"]
[WhiteElo "2416"]
[BlackElo "1983"]
[PlyCount "41"]
[EventDate "2024.07.16"]
[EventType "swiss"]
[EventCountry "CZE"]
[SourceTitle "playchess.com"]
[Source "ChessBase"]
[SourceQuality "1"]
[TimeControl "1200+10"]

1. e4 c5 2. Nf3 e6 3. c4 Nc6 4. d4 cxd4 5. Nxd4 d6 6. Nc3 Nf6 7. Be2 Be7 8. O-O O-O 9. Be3 Re8 10. Rc1 Nxd4 11. Qxd4 e5 {[%emt 0:01:06] White is slightly better.} 12. Qd2 b6 13. Rfd1 {[%emt 0:00:25] White is more active.} Bb7 14. f3 a6 15. b4 Rb8 16. Bf1 d5 $2 {[%emt 0:00:32][%mdl 8192] [#]} (16... Bc6 $16 17. b5 axb5) 17. Nxd5 $18 (17. cxd5 Bxb4 18. Qf2 Nd7 $16) 17... Nxd5 18. exd5 {[%emt 0:02:29] White is clearly winning.} ({Weaker is} 18. cxd5 Qd6 19. a4 Rec8 $18) 18... f5 (18... Bf8 $142 19. c5 bxc5 20. bxc5 Rc8) 19. c5 bxc5 20. bxc5 Bf6 21. c6 {[%emt 0:00:13] Black got outplayed after the opening.   Weighted Error Value: White=0.03 (flawless) /Black=0.54.  Loses game:     	---       	Black=1      Mistake:       	---       	Black=1      Inaccurate:     	---       	Black=3      OK:         	White=5     	Black=1      Best:        	White=1     	---} 1-0